Map: Bridgehead LE (Void)

Players

NaDa - Winner!

  • Race: Zerg Zerg
  • League: Platinum

ImotoFantasy

  • Race: Protoss Protoss
  • League: Platinum

VOD

Have the link to the VOD?

Description

Time

  • Played on: Oct. 26, 2015, 11:44 p.m.
  • Length: 9:26
Show
View Real Time Build Order
Export as new Build Order

NaDa Zerg - Winner!

Build Orders: Hatch First 

Get SALT Encoding   

  12  0:01  Drone  
  13  0:12  Overlord  
  13  0:17  Drone  
  14  0:30  Drone x2  
  16  0:38  Drone  
  17  0:54  Hatchery  
  17  0:55  Drone  
  17  1:11  Spawning Pool  
  16  1:14  Extractor  
  16  1:17  Drone  
  16  1:18  Drone  
  17  1:20  Drone  
  18  1:46  Hatchery  
  17  1:47  Drone  
  17  1:48  Drone  
  19  1:59  Queen  
  21  2:09  Queen  
  23  2:16  Metabolic Boost  
  23  2:32  Zergling x8  
  27  2:43  Overlord  
  27  2:46  Drone  
  28  3:00  Queen  
  28  3:01  Drone  
  28  3:02  Drone x3  
  28  3:04  Drone  
  35  3:07  Drone  
  36  3:17  Drone x2, Overlord  
  38  3:25  Extractor  
  36  3:40  Drone x8  
  42  3:52  Queen x2  
  42  3:55  Spore Crawler  
  44  3:56  Spore Crawler  
  44  3:59  Spore Crawler  
  42  4:02  Queen  
  44  4:15  Drone x6  
  50  4:25  Overlord x3  
  50  4:44  Lair  
  50  4:51  Roach Warren, Drone  
  50  4:52  Drone x7  
  57  4:53  Drone  
  57  4:54  Evolution Chamber  
  57  4:55  Drone  
  57  4:57  Drone  
  59  5:16  Extractor  
  59  5:17  Extractor  
  59  5:20  Zerg Missile Weapons Level 1  
  59  5:21  Extractor  
  56  5:26  Zergling x2  
  56  5:27  Zergling x10  
  56  5:28  Zergling x4  
  64  5:33  Queen x2  
  64  5:34  Spore Crawler  
  67  5:54  Drone  
  67  5:55  Drone x7, Hydralisk Den  
  67  5:56  Overlord x4  
  74  5:59  Glial Reconstitution  
  74  6:11  Overlord x4  
  74  6:12  Overlord  
  74  6:24  Hydralisk x5  
  84  6:41  Hydralisk  
  84  6:42  Hydralisk x5  
  96  6:57  Hydralisk x5  
  106  7:04  Hydralisk x2  
  110  7:16  Hydralisk  
  110  7:17  Hydralisk x2  
  111  7:32  Muscular Augments  
  109  7:46  Drone x8  
  109  7:47  Drone x10  
  109  7:49  Extractor  
  126  7:57  Drone x3  
  128  8:19  Overlord x6  
  128  8:20  Overlord x2  
  128  8:37  Queen  
  130  8:52  Hatchery  
Show
View Real Time Build Order
Export as new Build Order

ImotoFantasy Protoss 

Build Orders: 1 Gate Expand, Phoenix Opening 

Get SALT Encoding   

  12  0:02  Probe (Chrono Boost)  
  13  0:16  Pylon  
  13  0:18  Probe (Chrono Boost)  
  15  0:28  Probe (Chrono Boost)  
  15  0:39  Probe (Chrono Boost)  
  16  0:45  Gateway  
  16  0:49  Probe (Chrono Boost), Assimilator  
  17  1:00  Probe (Chrono Boost)  
  18  1:13  Probe (Chrono Boost)  
  19  1:24  Probe (Chrono Boost)  
  20  1:33  Nexus  
  20  1:36  Probe (Chrono Boost)  
  21  1:49  Cybernetics Core  
  21  1:52  Probe (Chrono Boost)  
  22  1:56  Pylon  
  22  2:03  Probe (Chrono Boost)  
  22  2:05  Assimilator  
  23  2:14  Probe (Chrono Boost), Zealot  
  26  2:28  Mothership Core (Chrono Boost)  
  28  2:37  Assimilator  
  28  2:39  Assimilator  
  28  2:46  Probe (Chrono Boost)  
  28  2:47  Probe (Chrono Boost)  
  30  2:54  Stargate  
  30  2:56  Probe (Chrono Boost)  
  31  2:59  Probe (Chrono Boost)  
  32  3:07  Probe (Chrono Boost)  
  32  3:09  Probe (Chrono Boost)  
  34  3:16  Sentry  
  34  3:18  Probe (Chrono Boost)  
  37  3:20  Probe (Chrono Boost)  
  38  3:28  Probe (Chrono Boost)  
  38  3:30  Probe (Chrono Boost)  
  38  3:33  Warp Gate  
  40  3:41  Phoenix  
  40  3:46  Probe x2 (Chrono Boost)  
  42  3:57  Zealot  
  42  4:01  Probe x2 (Chrono Boost)  
  46  4:07  Pylon  
  46  4:17  Pylon  
  46  4:22  Pylon  
  46  4:25  Probe x2 (Chrono Boost), Phoenix (Chrono Boost)  
  50  4:33  Pylon  
  50  4:35  Pylon  
  50  4:36  Probe x2 (Chrono Boost)  
  52  4:45  Probe  
  52  4:46  Probe  
  52  4:50  Phoenix (Chrono Boost)  
  56  5:00  Probe, Nexus  
  56  5:02  Probe  
  58  5:11  Phoenix (Chrono Boost)  
  58  5:13  Fleet Beacon  
  60  5:30  Probe  
  60  5:31  Probe  
  62  5:41  Probe, Forge  
  63  5:43  Probe  
  64  5:51  Probe  
  64  5:52  Carrier (Chrono Boost)  
  64  5:55  Probe  
  64  5:56  Stargate  
  72  5:58  Stargate  
  72  6:10  Probe  
  72  6:11  Probe  
  72  6:12  Probe  
  72  6:16  Photon Cannon x2  
  72  6:18  Photon Cannon  
  75  6:20  Photon Cannon  
  75  6:21  Probe  
  76  6:28  Photon Cannon  
  76  6:31  Carrier (Chrono Boost)  
  76  6:33  Graviton Catapult, Photon Cannon  
  76  6:35  Probe, Protoss Air Weapons Level 1 (Chrono Boost)  
  83  6:49  Carrier  
  83  6:52  Assimilator  
  89  6:56  Assimilator  
  89  6:59  Probe x3  
  92  7:07  Pylon  
  92  7:16  Probe  
  92  7:17  Probe x2  
  92  7:22  Carrier  
  101  7:40  Probe x3  
  104  7:53  Pylon x2  
  104  7:55  Pylon  
  104  7:56  Photon Cannon  
  104  7:57  Photon Cannon  
  104  7:59  Carrier  
  104  8:00  Pylon  
  104  8:08  Nexus  
  116  8:41  Photon Cannon  
  116  8:43  Photon Cannon  
  116  8:45  Photon Cannon  
Tags
 
Add a new tag
Caveats
  • Supply blocks, unpowered buildings, or Contaminate may cause inaccurate times.
  • Supply counts are checked every 10 seconds.